 Dungeon Crawl Stone Soup version 0.27.0-1-g7a089689b8 (webtiles) character file.

Game seed: 4160630067901433528

95 ZombieSheep the Skirmisher (level 4, -9/41 HPs)
             Began as a Ghoul Monk on Aug 4, 2021.
             Killed from afar by an orc wizard (12 damage)
             ... with a puff of flame
             ... on level 4 of the Dungeon.
             The game lasted 00:04:21 (4066 turns).

ZombieSheep the Skirmisher (Ghoul Monk)             Turns: 4066, Time: 00:04:23

Health: -9/41      AC:  6    Str: 15    XL:     4   Next: 66%
Magic:  3/3        EV: 11    Int:  5    God:
Gold:   94         SH:  0    Dex: 11    Spells: 3/3 levels left

rFire    . . .     SeeInvis .   a - +1 hand axe
rCold    + . .     Faith    .   (no shield)
rNeg     + + +     Spirit   .   b - +0 ring mail
rPois    ∞         Reflect  .   (no helmet)
rElec    .         Harm     .   g - +0 cloak
rCorr    .         Rampage  .   (no gloves)
Will     .....                  (no boots)
Stlth    ..........             (no amulet)
HPRegen  0.00/turn              (no ring)
MPRegen  0.08/turn              (no ring)

@: confused, inhibited regen
A: claws 1, cold resistance 1, negative energy resistance 3, inhibited
regeneration, torment resistance 2
a: no special abilities


You were on level 4 of the Dungeon.
You visited 1 branch of the dungeon, and saw 4 of its levels.

You collected 94 gold pieces.

Inventory:

Hand Weapons
 a - a +1 hand axe (weapon)
Armour
 b - a +0 ring mail (worn)
 g - a +0 cloak (worn)
Jewellery
 f - a +6 ring of dexterity
 h - a ring of flight
Scrolls
 e - a scroll of amnesia {unknown}
Potions
 c - a potion of curing
 d - a potion of haste


   Skills:
 * Level 4.5 Fighting
 + Level 3.2 Axes
 + Level 1.3 Armour
 + Level 3.2 Dodging
 - Level 2.1 Stealth


You had 3 spell levels left.
You didn't know any spells.
Your spell library contained the following spells:

 Spells                   Type           Power      Damage    Failure   Level
 Ignite Poison            Fire/Tmut/Pois 0%         N/A       97%         3
 Mephitic Cloud           Conj/Pois/Air  0%         N/A       97%         3
 Bolt of Magma            Conj/Fire/Erth 0%         4d4       100%        5


Dungeon Overview and Level Annotations

Branches:
Dungeon (4/15)
 Temple: D:4-7

Altars:

Shops:
D:2 :


Innate Abilities, Weirdness & Mutations

You thrive by killing the living.
You are immune to poison.
You have sharp fingernails.
Your flesh is cold resistant. (rC+)
You are immune to negative energy. (rN+++)
You do not regenerate when monsters are visible.
You are immune to unholy pain and torment.


Message History

The orc wizard hits you with a +0 dagger.
The orc hits you with a +0 hand axe. The orc barely misses you.
The orc hits you but does no damage. The orc hits you with a +0 mace.
You hit the orc wizard.
The orc wizard is heavily wounded.
You barely miss the orc. You hit the orc.
You kill the orc!
You hit the orc but do no damage. You hit the orc.
You kill the orc!
You feel better.
The orc wizard hits you with a +0 dagger.
The orc hits you but does no damage. The orc hits you with a +0 mace.
The orc wizard hits you with a +0 dagger.
You hit the orc wizard.
The orc wizard is severely wounded.
You hit the orc. You barely miss the orc. The orc hits you with a +0 hand axe.
The orc barely misses you.
The orc wizard hits you but does no damage.
Unknown command.
You closely miss the orc wizard.
The orc wizard is severely wounded.
You hit the orc. You barely miss the orc. The orc hits you with a +0 hand axe.
* * * LOW HITPOINT WARNING * * *
The orc hits you with a +0 mace.
* * * LOW HITPOINT WARNING * * *
The orc wizard casts a spell at you.
You are confused.
You miss the orc wizard.
The orc wizard is severely wounded.
You barely miss the orc. You closely miss the orc. The orc closely misses you.
The orc barely misses you. The orc wizard barely misses you.
Unknown command.
You miss the orc.
The orc is severely wounded.
You miss the orc. You miss the orc wizard. The orc hits you with a +0 hand axe.
* * * LOW HITPOINT WARNING * * *
The orc hits you but does no damage.
The orc wizard gestures at you while chanting.
The puff of flame hits you!
You die...

#...................
#...................
#..................#
#..................#
#..................#
#.....########.....#
#.....# #.)[..#
#..>..# #.[<..#
#.o@).# #.[...#
#.o)o.# #.....#
##....... ....#+##
#..............#
#..............#
#..............#
#......>.......#
######.........#


You could see an orc wizard and 2 orcs.

Vanquished Creatures
  3 adders (D:3)
  2 worms
  A dart slug (D:2)
  6 orcs (D:4)
  4 endoplasms
  3 giant cockroaches
  2 goblins (D:3)
  3 hobgoblins
  9 kobolds
  3 quokkas
  5 ball pythons
  5 bats
  2 frilled lizards
  5 rats
53 creatures vanquished.

Vanquished Creatures (others)
  A plant (D:1)
1 creature vanquished.

Grand Total: 54 creatures vanquished

Notes
Turn   | Place    | Note
-------+----------+-------------------------------------------
     0 | D:1      | ZombieSheep the Ghoul Monk began the quest for the Orb.
     0 | D:1      | Reached XP level 1. HP: 19/19 MP: 0/0
    96 | D:1      | Found a faded altar of an unknown god.
   211 | D:1      | Reached XP level 2. HP: 24/26 MP: 1/1
  1239 | D:2      | HP: 1/27 [worm (8)]
  1914 | D:2      | Reached XP level 3. HP: 33/33 MP: 2/2
  2200 | D:2      | Found Ugeevew's Book Shop.
  2300 | D:2      | Reached skill level 1 in Armour
  2473 | D:3      | Reached skill level 4 in Fighting
  2967 | D:3      | Reached XP level 4. HP: 32/40 MP: 3/3
  4066 | D:4      | Killed from afar by an orc wizard

Illustrated notes

Levels and vault maps discovered:
D:1:      dpeg_arrival_windows_large_door, layout_basic,
          shapermc_ecumenical_altar_acropolis
D:2:      layout_loops_ring, serial_shops, shop_fountains
D:3:      layout_basic, serial_co_window_serial, co_window_corner_a,
          co_window_paths_a, co_window_paths_b, co_window_cross_1,
          co_window_paths_a, co_window_2corner, co_window_corner_cb,
          co_window_corner_cb, co_window_corner_ca, co_window_2corner,
          glass_columns_c, corexii_corridor_pit
D:4:      layout_gridville, nicolae_overflow_crystal_walls,
          palyth_stone_intersect, grunt_ministairs_13

Skill      XL: |  1  2  3 |
---------------+----------+-----
Axes           | 3 |  3.2
Dodging        | 3 |  3.2
Armour         | 1 |  1.3
Fighting       | 4 |  4.5
Stealth        | |  2.1

Action                   |  1- 3 |  4- 6 || total
-------------------------+-------+-------++-------
Melee: Hand axe          |   144 |    56 ||   200
  Use: Scroll            |     3 |     3 ||     6
 Stab: Sleeping          |     3 |       ||     3
Armor: Robe              |     6 |       ||     6
       Leather armour    |     8 |       ||     8
       Ring mail         |    24 |    24 ||    48
Dodge: Dodged            |    86 |    41 ||   127
